 Dungeon Crawl Stone Soup version 0.32-a0-42-ga30500b (webtiles) character file.

Game seed: 16952275818295339509

600 Dorkslayer the Ruffian (level 7, -1/47 HPs)
             Began as an Octopode Fighter on Jan 29, 2024.
             Slain by an ice beast (9 damage)
             ... on level 5 of the Dungeon.
             The game lasted 00:08:32 (3239 turns).

Dorkslayer the Ruffian (Octopode Fighter)           Turns: 3239, Time: 00:08:32

Health: -1/47      AC:  1    Str: 17    XL:     7   Next: 41%
Magic:  7/7        EV: 13    Int: 10    God:
Gold:   189        SH:  4    Dex: 12    Spells: 6/6 levels left

rFire   . . .        g - +2 flail (heavy)
rCold   . . .        a - +0 buckler
rNeg    . . .        (helmet restricted)
rPois   .            (no amulet)
rElec   .            o - ring of willpower
rCorr   .            (no ring)
SInv    .            (no ring)
Will    +....        (no ring)
Stlth   +++          (no ring)
HPRegen 0.27/turn    (no ring)
MPRegen 0.10/turn    (no ring)
                     (no ring)

%: no passive effects
@: no status effects
A: almost no armour, amphibious, 8 rings, camouflage 1, gelatinous body 1,
(nimble swimmer 1), tentacles
a: no special abilities


You were on level 5 of the Dungeon.
You visited 1 branch of the dungeon, and saw 5 of its levels.

You collected 189 gold pieces.

Inventory:

Hand Weapons
 g - a +2 heavy flail (weapon)
Armour
 a - a +0 buckler (worn)
Jewellery
 o - a ring of willpower (left tentacle)
Talismans
 f - a blade talisman
Wands
 h - a wand of paralysis (7)
 m - a wand of light (2)
Scrolls
 e - a scroll of teleportation
 k - 3 scrolls of immolation
 l - a scroll of amnesia
 p - a scroll of revelation
Potions
 b - a potion of might
 c - 2 potions of magic
 d - 2 potions of curing
 i - a potion of berserk rage
 j - a potion of brilliance
 n - a potion of heal wounds
 q - a potion of degeneration {unknown}


   Skills:
 + Level 3.9 Fighting
 + Level 2.7 Maces & Flails
 + Level 3.8 Dodging
 + Level 3.1 Stealth
 + Level 3.6 Shields
 * Level 4.5 Unarmed Combat
 * Level 2.6 Evocations
 * Level 1.1 Shapeshifting


You had 6 spell levels left.
You didn't know any spells.
Your spell library contained the following spells:

 Spells                   Type           Power      Damage    Failure   Level
 Kiss of Death            Conj/Necr      0%         2d5       43%         1
 Necrotise                Necr           0%         1d4       43%         1
 Ensorcelled Hibernation  Hex/Ice        0%         N/A       58%         2
 Confusing Touch          Hex            0%         N/A       82%         3
 Passwall                 Erth           0%         N/A       82%         3
 Swiftness                Air            0%         N/A       82%         3
 Vampiric Draining        Necr           0%         2d6       82%         3
 Dispel Undead            Necr           0%         3d6       99%         4
 Martyr's Knell           Necr/Summ      0%         N/A       99%         4
 Curse of Agony           Necr           0%         N/A       100%        5
 Malign Gateway           Summ/Tloc      0%         N/A       100%        7
 Summon Horrible Things   Summ           0%         N/A       100%        8


Dungeon Overview and Level Annotations

Branches:
Dungeon (5/15)
 Temple: D:4-7

Altars:
Elyvilon
Hepliaklqana
Nemelex Xobeh
Ru
The Shining One


Innate Abilities, Weirdness & Mutations

You cannot wear most types of armour.
You are amphibious.
You can wear up to eight rings at the same time.
Your skin changes colour to match your surroundings (Stealth+).
Your rubbery body absorbs attacks. (AC +1, EV +1)
((You are camouflaged when in or above water. (Stealth+)))
You have tentacles for arms and can constrict up to eight enemies at once.


Message History

The ribbon worm is almost dead.
You constrict the ribbon worm.
You kill the ribbon worm!
Found an escape hatch in the ceiling.
Found 2 scrolls of identify.
q - a metallic dark potion
Found 5 gold pieces.
Found a stone staircase leading down.
There is a stone staircase leading down here.
Found a stone staircase leading up.
There is an escape hatch in the ceiling here.
You now have 189 gold pieces (gained 5).
A black bear comes into view.
The black bear bites you. The black bear barely misses you.
You block the black bear's attack.
You hit the black bear. You grab the black bear. You squeeze the black bear!
The black bear is severely wounded.
You constrict the black bear. You block the black bear's attack.
The black bear claws you. The black bear closely misses you.
The black bear bites you. The black bear closely misses you.
The black bear barely misses you.
The black bear goes berserk!
You barely miss the black bear.
The black bear is severely wounded.
You constrict the black bear!
You kill the black bear!
Your Stealth skill increases to level 3!
An ice beast comes into view.
Found 15 gold pieces.
You barely miss the ice beast. The ice beast hits you.
The ice beast freezes you! The ice beast hits you. The ice beast freezes you!
* * * LOW HITPOINT WARNING * * *
You bludgeon the ice beast!! Your squeeze misses the ice beast.
The ice beast is severely wounded.
You block the ice beast's attack.
You closely miss the ice beast.
The ice beast is severely wounded.
The ice beast hits you.
* * * LOW HITPOINT WARNING * * *
The ice beast freezes you!
You die...

#..##### ##..#
#..## ##..#
#..## #######
##..#
###.....### .
#...#
#....$....## ..
#..##
#...Y......#..#
...#
#....@......#
...##
#...........#
....#
#..........##
....##
##.........#
....<##
##.......##
......##
###..####
.......# ##.###
.......## ##.##
........#####.##


You could see an ice beast.

Vanquished Creatures
  Sigmund (D:3)
  A black bear (D:5)
  An ogre (D:5)
  A scorpion (D:5)
  A jelly (D:5)
  2 hounds
  Ijyb (D:3)
  3 adders
  2 ribbon worms
  4 orcs (D:4)
  6 endoplasms
  3 giant cockroaches
  5 goblins
  10 hobgoblins
  5 kobolds
  A quokka (D:3)
  4 ball pythons
  6 bats
  3 frilled lizards (D:3)
  7 rats
67 creatures vanquished.

Notes
Turn   | Place    | Note
-------+----------+-------------------------------------------
     0 | D:1      | Dorkslayer the Octopode Fighter began the quest for the
                  | Orb.
     0 | D:1      | Reached XP level 1. HP: 16/16 MP: 1/1
   246 | D:1      | Reached XP level 2. HP: 10/21 MP: 2/2
   846 | D:2      | Reached XP level 3. HP: 24/26 MP: 3/3
   951 | D:2      | Found a white marble altar of Elyvilon.
  1273 | D:3      | Noticed Ijyb
  1278 | D:3      | Paralysed by Ijyb for 5 turns
  1282 | D:3      | Killed Ijyb
  1283 | D:3      | Reached skill level 1 in Stealth
  1283 | D:3      | Reached skill level 3 in Unarmed Combat
  1283 | D:3      | Reached XP level 4. HP: 23/31 MP: 4/4
  1385 | D:3      | Noticed Sigmund
  1392 | D:3      | Killed Sigmund
  1393 | D:3      | Reached skill level 1 in Maces & Flails
  1393 | D:3      | Reached skill level 4 in Unarmed Combat
  1393 | D:3      | Reached skill level 1 in Evocations
  1393 | D:3      | Reached XP level 5. HP: 25/37 MP: 5/5
  1393 | D:3      | Reached XP level 6. HP: 29/43 MP: 6/6
  1913 | D:3      | Found a hazy altar of Hepliaklqana.
  1924 | D:3      | Found a glowing golden altar of the Shining One.
  2520 | D:4      | Found a sacrificial altar of Ru.
  2813 | D:5      | Entered Level 5 of the Dungeon
  2858 | D:5      | Found a sparkling altar of Nemelex Xobeh.
  2907 | D:5      | Reached XP level 7. HP: 42/47 MP: 7/7
  3041 | D:5      | Identified the +1 scale mail of the Bagpipe {rElec}
  3069 | D:5      | Reached skill level 1 in Shapeshifting
  3239 | D:5      | Slain by an ice beast

Illustrated notes

Levels and vault maps discovered:
D:1:      ncdulo_halloftheorcs, layout_loops_cross
D:2:      layout_rooms, basic_altar
D:3:      layout_basic, amethyst_overflow_temple_binary, palyth_stone_intersect,
          minmay_unequal, uniq_ijyb, uniq_sigmund
D:4:      layout_loops_ring, mainiacjoe_overflow_brackets
D:5:      layout_cave_pods, nemelex_dance_club_becter, nicolae_shop_vocational,
          uniq_duvessa

Skill      XL: |  1  2  3  4  5  6  7 |
---------------+----------------------+-----
Stealth        | 1 2 3 |  3.1
Unarmed Combat | 3 4 |  4.5
Maces & Flails | 1 2 |  2.7
Evocations     | 1 2 |  2.6
Shapeshifting  | 1 |  1.1
Fighting       | |  3.9
Dodging        | |  3.8
Shields        | |  3.6

Action                     |  1- 3 |  4- 6 |  7- 9 || total
---------------------------+-------+-------+-------++-------
  Melee: Unarmed           |    67 |       |       ||    67
         Tentacles         |    13 |     7 |     4 ||    24
         Constrict         |    19 |    10 |     2 ||    31
         Flail             |     4 |    44 |    14 ||    62
         Punch             |       |     1 |     1 ||     2
    Use: Scroll            |     4 |     8 |     1 ||    13
   Stab: Sleeping          |     2 |     7 |     1 ||    10
 Armour: Skin              |    30 |    23 |    12 ||    65
  Dodge: Dodged            |    30 |    26 |    10 ||    66
  Block: Buckler           |    13 |    12 |     7 ||    32

Table legend: (Time is in decaauts)
 A = Elapsed time spent in this place.
 B = Non-inter-level travel time spent in this place.
 C = Inter-level travel time spent in this place.
 D = Time resting spent in this place.
 E = Time spent auto-exploring this place.
 F = Levels seen in this place.
 G = Mean time per level.
                   A        B        C        D        E       F      G
               +--------+--------+--------+--------+--------+-----+--------+
         Total |   3296 |   3296 |      0 |      0 |   2202 |   5 |  659.2 |
       Dungeon |   3296 |   3296 |      0 |      0 |   2202 |   5 |  659.2 |
               +--------+--------+--------+--------+--------+-----+--------+

Top non-repeatable levels by time:
     D:3: 962 daAuts
     D:1: 719 daAuts
     D:4: 689 daAuts
     D:2: 480 daAuts
     D:5: 444 daAuts
